Match 25123264
Unlisted

Match 25123264
End
Selects Italian Combined Arms Battlegroup
Selects Bersaglieri Squad
Bersaglieri Squad
Panzergrenadier Squad
Panzergrenadier Squad
Construct Light Support Kompanie
2.5-tonne Medical Truck
Selects Bersaglieri Bolster
MG34 Team
Fire Support Elements
Pak 38 Mechanized Group
Combat Half-tracks
Veteran Squad Leaders
Construct Panzerarmee Kommand
Panzerpioneer Squad
Selects Breda Model 30 Light Machine Guns
Flakvierling Half-track
Panzergrenadier Squad
Selects Semovente da 75/18 Assault Gun
Selects Strafing Run
2.5-tonne Medical Truck
Selects Artillery Cover
Strafing Run
Flak 36 Anti-tank Gun Team
Strafing Run
le.IG 18 Mechanized Group
Panzer III L Medium Tank
Panzer III L Medium Tank
Bersaglieri Squad
*NCS*=-L'UMBRO-= ITA
Garrus
饴果子
VleerPoezzz
TidaL
tiatus55
0
0

Comments sign in to comment!

No comments posted yet!